 Dungeon Crawl Stone Soup version 0.29.0-4-gdea44cf6ec (webtiles) character file.

Game seed: 16210933905850702782

15316 qw the Blocker (level 12, 0/107 HPs)
             Began as a Troll Cinder Acolyte on Sept 3, 2022.
             Was a Priest of Okawaru.
             Killed from afar by an oklob plant (16 damage)
             ... with a splash of acid
             ... on level 4 of the Lair of Beasts.
             The game lasted 00:06:48 (12566 turns).

qw the Blocker (Troll Cinder Acolyte)              Turns: 12566, Time: 00:06:48

Health: 0/107      AC:  0    Str: 35    XL:     12   Next: 0%
Magic:  12/14      EV:  9    Int: 10    God:    Okawaru [***...]
Gold:   857        SH: 18    Dex:  5    Spells: 13/13 levels left

rFire   . . .      SeeInvis .     - Unarmed
rCold   . . .      Faith    .   j - +0 tower shield
rNeg    . . .      Spirit   .   q - +0 robe of Fortitude {Rampage rPois Regen+ Archmagi}
rPois   +          Reflect  .   (helmet restricted)
rElec   .          Harm     .   (no cloak)
rCorr   .          Rampage  +   (gloves unavailable)
Will    .....      Archmagi +   (boots unavailable)
Stlth   ++........              (no amulet)
HPRegen 1.87/turn               a - +4 ring of protection
MPRegen 0.14/turn               d - +6 ring of strength

@: heroic, corroded, fire susceptible, very slow
A: large, unfitting armour, claws 3, regeneration 1, shaggy fur 1, tough skin 1
a: Renounce Religion, Heroism


You were on level 4 of the Lair of Beasts.
You worshipped Okawaru.
Okawaru was most pleased with you.
You visited 2 branches of the dungeon, and saw 14 of its levels.

You collected 857 gold pieces.


Innate Abilities, Weirdness & Mutations

You are too large for most types of armour.
You have claws for hands.
Your natural rate of healing is unusually fast.
You are covered in fur. (AC +1)
You have tough skin. (AC +1)


   Skills:
 + Level 4.2(9.2) Fighting
 - Level 2.0(7.0) Throwing
 - Level 1.5(6.5) Dodging
 - Level 13.0(18.0) Shields
 - Level 12.0(17.0) Unarmed Combat
 - Level 1.0 Spellcasting
 - Level 2.1 Fire Magic
 - Level 4.0 Invocations


You had 13 spell levels left.
You didn't know any spells.
Your spell library contained the following spells:

 Spells                   Type           Power      Damage    Failure   Level
 Scorch                   Fire           14%        2d6       41%         2

Inventory:

Armour
 j - a +0 tower shield (worn)
 q - the +0 robe of Fortitude (worn) {Rampage rPois Regen+ Archmagi}
   (You took it off an orc on level 7 of the Dungeon)

   rPois:     It protects you from poison.
   Regen:     It increases your rate of health regeneration.
   Rampage:   It bestows one free step when moving towards enemies.
   Archmagi:  It increases the power of your magical spells.
Jewellery
 a - a +4 ring of protection (left claw)
 c - the ring of Jiuhax {rPois rF+ MP+9 Stlth+}
   (You acquired it on level 1 of the Dungeon)

   [ring of magical power]

   rF:        It protects you from fire.
   rPois:     It protects you from poison.
   MP:        It affects your magic capacity (+9).
   Stlth:     It makes you more stealthy.
 d - a +6 ring of strength (right claw)
 Y - a ring of protection from fire
Scrolls
 b - a scroll of enchant weapon
 f - 4 scrolls of identify
 g - 2 scrolls of teleportation
Potions
 e - 4 potions of might
 h - 2 potions of curing
 i - a potion of cancellation
 m - a potion of resistance
 p - 2 potions of haste

Dungeon Overview and Level Annotations

Branches:
Dungeon (9/15)             Temple (0/1) D:5            Lair (5/5) D:9
 Spider (0/4) Lair:2
  Swamp: Lair:2-3    Shoals: Lair:2-3     Slime: Lair:4-5       Orc: D:9-12

Altars:
Cheibriados
Dithmenos
Elyvilon
Makhleb
Okawaru
Ru
Sif Muna
Trog
Xom
The Shining One

Shops:
D:6 (

Annotations:
D:3 4 runed translucent doors, Crazy Yiuf; Ufapt's ghost, amateur TrFi


Message History

You have reached level 12!
You feel stronger.
(D) Dungeon (T) Temple (L) Lair (N) Spider Nest
Where to? (* - list waypoints, Enter - Lair:4, ? - help)
What level of the Lair of Beasts? (default 1, ? - help)
You see here a basilisk corpse.
Found a purple potion.
There is a stone staircase leading up here.
You climb upwards.
There is a stone staircase leading down here.
Found a trident.
Found 4 stones.
Enter note: An oklob plant comes into view.
12563 ||| INVOKING Heroism.
You gain the combat prowess of a mighty hero.
The oklob plant spits acid at you. The splash of acid hits you!!
You hear an angry hiss.
You rampage towards the oklob plant!
A rime drake comes into view. 2 oklob plants come into view.
The rime drake moves out of view.
You rampage towards the oklob plant!
A water moccasin comes into view.
The water moccasin hisses angrily.
The oklob plant spits acid at you. The splash of acid hits you!
The oklob plant spits acid at you. The splash of acid hits you!!
The acid corrodes you!
A bullfrog comes into view.
The rime drake hisses angrily.
You rampage towards the oklob plant!
You enter the shallow water.
Moving in this stuff is going to be slow.
Found 13 gold pieces.
A nearby plant withers and dies.
The water moccasin barely misses you. The oklob plant spits acid at you.
The splash of acid hits you!! The acid corrodes you!
The water moccasin closely misses you. The oklob plant spits acid at you.
The splash of acid hits you!
You die...

## ..#..#######.######
................#.#
.................#####
...~~~~~......#....#.#
..~~PP.~~......###..###
$~~.~~P~~~....#.#.....##
.~~.P~P.~~(....#........
..~~~kP@~.....#....###..
...~F~S~.....#......#.#.
..........$.#......###).
...........#.......# ##.
........P.........## #.
.......###........# #.
....P.. ##.....P.. ##
...##.. #.....P## #


You could see 3 oklob plants, a rime drake, a water moccasin and a bullfrog.

Vanquished Creatures
  2 boulder beetles
  A catoblepas (Lair:1)
  2 death yaks (Lair:5)
  2 torpor snails
  3 cane toads
  A rime drake (Lair:3)
  4 komodo dragons
  A troll (D:9)
  2 polar bears
  2 hornets (D:9)
  Grinder (D:6)
  A culicivora (Lair:2)
  6 wyverns
  2 basilisks
  11 yaks
  2 steam dragons
  2 wargs (D:9)
  8 water moccasins
  3 ice beasts
  2 black bears (D:6)
  2 orc warriors
  4 sky beasts
  2 ogres (D:5)
  4 centaurs
  A phantom (D:6)
  5 bullfrogs
  A kobold brigand (D:9)
  A gnoll sergeant (D:9)
  2 scorpions
  2 necrophages
  3 wights (D:8)
  17 killer bees
  A howler monkey (D:6)
  A jelly (D:7)
  5 orc priests
  Ijyb (D:3)
  Jessica (D:2)
  3 iguanas
  10 orc wizards
  Robin (D:2)
  6 adders
  20 gnolls
  A white imp (D:5)
  2 ufetubi
  2 dart slugs
  24 orcs
  8 endoplasms
  2 giant cockroaches
  15 goblins
  4 hobgoblins
  4 jackals (D:1)
  3 quokkas
  7 ball pythons
  7 bats
  2 frilled lizards (D:1)
  20 kobolds
  4 rats
256 creatures vanquished.

Vanquished Creatures (others)
  7 fungi
  9 plants
16 creatures vanquished.

Grand Total: 272 creatures vanquished

Notes
Turn   | Place    | Note
-------+----------+-------------------------------------------
     0 | D:1      | qw the Troll Cinder Acolyte began the quest for the Orb.
     0 | D:1      | Reached XP level 1. HP: 22/22 MP: 1/1
     0 | D:1      | 0 ||| qw: Version: 0.1-a-100-g36b9a1f
     0 | D:1      | 0 ||| qw: Game counter: 5034
     0 | D:1      | 0 ||| qw: Always use a shield: true
     0 | D:1      | 0 ||| qw: God list: Okawaru
     0 | D:1      | 0 ||| qw: Allow faded altars: false
     0 | D:1      | 0 ||| qw: Do Orc after D:15 true
     0 | D:1      | 0 ||| qw: Do second Lair branch before Depths: true
     0 | D:1      | 0 ||| qw: Lair rune preference: random
     0 | D:1      | 0 ||| qw: Plans: Normal
     0 | D:1      | 0 ||| PLANNING D:1-11
   136 | D:1      | Reached XP level 2. HP: 29/29 MP: 2/2
   396 | D:1      | 396 ||| Stepping ~*~*~tactically~*~*~ (stealth).
   441 | D:1      | Reached XP level 3. HP: 36/36 MP: 3/3
   494 | D:1      | 494 ||| Stepping ~*~*~tactically~*~*~ (stealth).
   723 | D:1      | 723 ||| READING scroll labelled YDDADDEHEC.
   723 | D:1      | Identified a scroll of acquirement
   723 | D:1      | 723 ||| ACQUIRING ring of Jiuhax {rPois rF+ MP+9 Stlth+}
   723 | D:1      | Acquired the ring of Jiuhax {rPois rF+ MP+9 Stlth+}
   725 | D:1      | 725 ||| UPGRADING to ring of Jiuhax {rPois rF+ MP+9
                  | Stlth+}.
   795 | D:1      | 795 ||| READING scroll labelled JAADAZ ZUV DEA.
   796 | D:1      | 796 ||| READING scroll labelled SEDWUJ ZIFOGIWN.
   850 | D:2      | Noticed Jessica
   851 | D:2      | 851 ||| Stepping ~*~*~tactically~*~*~ (hiding).
   953 | D:2      | 953 ||| Stepping ~*~*~tactically~*~*~ (hiding).
   956 | D:2      | 956 ||| INVOKING Fiery Armour.
   964 | D:2      | Killed Jessica
   965 | D:2      | Reached XP level 4. HP: 12/44 MP: 4/4
   969 | D:2      | 969 ||| FLEEEEING.
   970 | D:2      | 970 ||| FLEEEEING.
   971 | D:2      | 971 ||| FLEEEEING.
   972 | D:2      | 972 ||| FLEEEEING.
   973 | D:2      | 973 ||| FLEEEEING.
   974 | D:2      | 974 ||| FLEEEEING.
   975 | D:2      | 975 ||| FLEEEEING.
   976 | D:2      | 976 ||| FLEEEEING.
   977 | D:2      | 977 ||| FLEEEEING.
   978 | D:2      | 978 ||| FLEEEEING.
   979 | D:2      | 979 ||| FLEEEEING.
   980 | D:2      | 980 ||| FLEEEEING.
   981 | D:2      | 981 ||| FLEEEEING.
   982 | D:2      | 982 ||| FLEEEEING.
   983 | D:2      | 983 ||| FLEEEEING.
   984 | D:2      | 984 ||| FLEEEEING.
   985 | D:2      | 985 ||| FLEEEEING.
   986 | D:2      | 986 ||| FLEEEEING.
   987 | D:2      | 987 ||| FLEEEEING.
   988 | D:2      | 988 ||| FLEEEEING.
   989 | D:2      | 989 ||| FLEEEEING.
   990 | D:2      | 990 ||| FLEEEEING.
   991 | D:2      | 991 ||| FLEEEEING.
   992 | D:2      | 992 ||| STAIRDANCE
  1047 | D:2      | 1047 ||| Stepping ~*~*~tactically~*~*~ (hiding).
  1149 | D:2      | 1149 ||| Stepping ~*~*~tactically~*~*~ (hiding).
  1251 | D:2      | 1251 ||| Stepping ~*~*~tactically~*~*~ (hiding).
  1252 | D:2      | 1252 ||| Stepping ~*~*~tactically~*~*~ (hiding).
  1254 | D:2      | 1254 ||| Stepping ~*~*~tactically~*~*~ (hiding).
  1267 | D:2      | Noticed Robin
  1268 | D:2      | 1268 ||| Stepping ~*~*~tactically~*~*~ (stealth).
  1270 | D:2      | 1270 ||| Stepping ~*~*~tactically~*~*~ (stealth).
  1276 | D:2      | 1276 ||| Stepping ~*~*~tactically~*~*~ (outnumbered).
  1298 | D:2      | Killed Robin
  1301 | D:2      | 1301 ||| Stepping ~*~*~tactically~*~*~ (stealth).
  1302 | D:2      | 1302 ||| Stepping ~*~*~tactically~*~*~ (stealth).
  1307 | D:2      | 1307 ||| Stepping ~*~*~tactically~*~*~ (stealth).
  1411 | D:2      | Found a faded altar of an unknown god.
  1601 | D:2      | Reached XP level 5. HP: 50/50 MP: 5/5
  1735 | D:2      | 1735 ||| Stepping ~*~*~tactically~*~*~ (hiding).
  1837 | D:2      | 1837 ||| Stepping ~*~*~tactically~*~*~ (hiding).
  1939 | D:2      | 1939 ||| Stepping ~*~*~tactically~*~*~ (hiding).
  2041 | D:2      | 2041 ||| Stepping ~*~*~tactically~*~*~ (hiding).
  2143 | D:2      | 2143 ||| Stepping ~*~*~tactically~*~*~ (hiding).
  2245 | D:2      | 2245 ||| Stepping ~*~*~tactically~*~*~ (hiding).
  2347 | D:2      | 2347 ||| Stepping ~*~*~tactically~*~*~ (hiding).
  2449 | D:2      | 2449 ||| Stepping ~*~*~tactically~*~*~ (hiding).
  2551 | D:2      | 2551 ||| Stepping ~*~*~tactically~*~*~ (hiding).
  2653 | D:2      | 2653 ||| Stepping ~*~*~tactically~*~*~ (hiding).
  2755 | D:2      | 2755 ||| Stepping ~*~*~tactically~*~*~ (hiding).
  2857 | D:2      | 2857 ||| Stepping ~*~*~tactically~*~*~ (hiding).
  2959 | D:2      | 2959 ||| Stepping ~*~*~tactically~*~*~ (hiding).
  3297 | D:2      | 3297 ||| UPGRADING to ring of protection from fire.
  3298 | D:2      | 3298 ||| READING scroll labelled DIVECI MEIHY.
  3303 | D:2      | 3303 ||| READING scroll labelled GIALLU CEAGOO.
  3304 | D:2      | 3304 ||| DRINKING 2 fuming clear potions.
  3305 | D:2      | 3305 ||| READING 4 scrolls of identify.
  3305 | D:2      | 3305 ||| IDENTIFYING grey potion
  3306 | D:2      | 3306 ||| READING 3 scrolls of identify.
  3306 | D:2      | 3306 ||| IDENTIFYING fizzy yellow potion
  3307 | D:2      | 3307 ||| READING 2 scrolls of identify.
  3307 | D:2      | 3307 ||| IDENTIFYING sedimented amethyst potion
  3308 | D:2      | 3308 ||| DROPPING potion of attraction.
  3338 | D:3      | 3338 ||| Stepping ~*~*~tactically~*~*~ (hiding).
  3447 | D:3      | 3447 ||| INVOKING Fiery Armour.
  3451 | D:3      | 3451 ||| Stepping ~*~*~tactically~*~*~ (outnumbered).
  3454 | D:3      | Reached skill level 6 in Unarmed Combat
  3463 | D:3      | 3463 ||| FLEEEEING.
  3464 | D:3      | 3464 ||| FLEEEEING.
  3504 | D:3      | Noticed Ijyb
  3508 | D:3      | Killed Ijyb
  3901 | D:3      | 3901 ||| Stepping ~*~*~tactically~*~*~ (stealth).
  3903 | D:3      | 3903 ||| Stepping ~*~*~tactically~*~*~ (stealth).
  3905 | D:3      | 3905 ||| Stepping ~*~*~tactically~*~*~ (stealth).
  3906 | D:3      | 3906 ||| Stepping ~*~*~tactically~*~*~ (stealth).
  4041 | D:3      | Found a runed translucent gate.
  4041 | D:3      | Found a runed translucent gate.
  4041 | D:3      | Found a runed translucent gate.
  4041 | D:3      | Noticed Ufapt's ghost (amateur TrFi)
  4230 | D:3      | Found a runed translucent door.
  4231 | D:3      | Noticed Crazy Yiuf
  4310 | D:3      | 4310 ||| DROPPING +6 ring of intelligence.
  4311 | D:3      | 4311 ||| READING scroll labelled ZUSYUX ORGHUYK.
  4312 | D:3      | 4312 ||| READING 3 scrolls of identify.
  4312 | D:3      | 4312 ||| IDENTIFYING coppery potion
  4313 | D:3      | 4313 ||| READING 2 scrolls of identify.
  4313 | D:3      | 4313 ||| IDENTIFYING fizzy orange potion
  4314 | D:3      | 4314 ||| DROPPING potion of flight.
  4463 | D:4      | 4463 ||| INVOKING Fiery Armour.
  4468 | D:4      | Reached XP level 6. HP: 59/59 MP: 6/6
  4574 | D:4      | 4574 ||| Stepping ~*~*~tactically~*~*~ (outnumbered).
  4575 | D:4      | 4575 ||| Stepping ~*~*~tactically~*~*~ (outnumbered).
  4594 | D:4      | Noticed an ice beast
  4595 | D:4      | 4595 ||| Stepping ~*~*~tactically~*~*~ (stealth).
  4829 | D:4      | Found a bloodstained altar of Trog.
  4935 | D:4      | Found a glowing golden altar of the Shining One.
  4940 | D:4      | Found a shadowy altar of Dithmenos.
  4941 | D:4      | Found a shimmering blue altar of Sif Muna.
  5056 | D:4      | 5056 ||| UPGRADING to +0 tower shield.
  5061 | D:4      | 5061 ||| READING scroll labelled ISABYI ISOG.
  5062 | D:4      | 5062 ||| READING scroll labelled NUBINAMMATT.
  5072 | D:4      | 5072 ||| Stepping ~*~*~tactically~*~*~ (stealth).
  5074 | D:4      | 5074 ||| Stepping ~*~*~tactically~*~*~ (stealth).
  5091 | D:4      | Killed an ice beast
  5092 | D:4      | Reached skill level 2 in Shields
  5109 | D:5      | Entered Level 5 of the Dungeon
  5162 | D:5      | 5162 ||| Stepping ~*~*~tactically~*~*~ (hiding).
  5164 | D:5      | 5164 ||| Stepping ~*~*~tactically~*~*~ (hiding).
  5171 | D:5      | Reached XP level 7. HP: 61/66 MP: 7/7
  5250 | D:5      | 5250 ||| Stepping ~*~*~tactically~*~*~ (stealth).
  5255 | D:5      | Reached skill level 3 in Shields
  5385 | D:5      | Found a staircase to the Ecumenical Temple.
  5409 | D:5      | Reached skill level 4 in Shields
  5669 | D:5      | 5669 ||| READING scroll labelled ANOELO PAUPT.
  5670 | D:5      | 5670 ||| READING 3 scrolls of identify.
  5670 | D:5      | 5670 ||| IDENTIFYING yellow potion
  5671 | D:5      | 5671 ||| DROPPING potion of brilliance.
  5695 | D:4      | Found a white marble altar of Elyvilon.
  5695 | D:4      | Found a snail-covered altar of Cheibriados.
  5767 | D:6      | 5767 ||| Stepping ~*~*~tactically~*~*~ (stealth).
  5769 | D:6      | 5769 ||| Stepping ~*~*~tactically~*~*~ (stealth).
  5775 | D:6      | Reached skill level 5 in Shields
  5793 | D:6      | Found a burning altar of Makhleb.
  5799 | D:6      | Found a sacrificial altar of Ru.
  5800 | D:6      | 5800 ||| Stepping ~*~*~tactically~*~*~ (stealth).
  5802 | D:6      | 5802 ||| Stepping ~*~*~tactically~*~*~ (stealth).
  5811 | D:6      | 5811 ||| Stepping ~*~*~tactically~*~*~ (stealth).
  5827 | D:6      | Reached XP level 8. HP: 51/74 MP: 8/8
  5896 | D:6      | Reached skill level 6 in Shields
  5982 | D:6      | 5982 ||| Stepping ~*~*~tactically~*~*~ (stealth).
  5993 | D:6      | 5993 ||| Stepping ~*~*~tactically~*~*~ (stealth).
  6008 | D:6      | Reached skill level 7 in Shields
  6037 | D:6      | 6037 ||| Stepping ~*~*~tactically~*~*~ (stealth).
  6038 | D:6      | 6038 ||| Stepping ~*~*~tactically~*~*~ (stealth).
  6108 | D:6      | Found Vubbelan's Weapon Shop.
  6130 | D:6      | 6130 ||| Stepping ~*~*~tactically~*~*~ (stealth).
  6138 | D:6      | 6138 ||| Stepping ~*~*~tactically~*~*~ (stealth).
  6147 | D:6      | 6147 ||| INVOKING Fiery Armour.
  6150 | D:6      | Reached skill level 8 in Shields
  6214 | D:6      | 6214 ||| Stepping ~*~*~tactically~*~*~ (stealth).
  6215 | D:6      | 6215 ||| Stepping ~*~*~tactically~*~*~ (stealth).
  6473 | D:6      | 6473 ||| Stepping ~*~*~tactically~*~*~ (hiding).
  6477 | D:6      | 6477 ||| Stepping ~*~*~tactically~*~*~ (outnumbered).
  6493 | D:6      | 6493 ||| INVOKING Fiery Armour.
  6548 | D:6      | Noticed Grinder
  6553 | D:6      | Killed Grinder
  6554 | D:6      | Reached XP level 9. HP: 74/80 MP: 9/9
  6639 | D:6      | 6639 ||| READING scroll labelled GIDABA PEMIWK.
  6640 | D:6      | 6640 ||| READING scroll labelled ESHRAL YJYSAQ.
  6641 | D:6      | 6641 ||| DRINKING 2 cyan potions.
  6642 | D:6      | 6642 ||| READING 2 scrolls of identify.
  6642 | D:6      | 6642 ||| IDENTIFYING blue potion
  6643 | D:6      | 6643 ||| DROPPING potion of invisibility.
  6678 | D:7      | Reached skill level 9 in Shields
  6754 | D:7      | 6754 ||| Stepping ~*~*~tactically~*~*~ (hiding).
  6856 | D:7      | 6856 ||| Stepping ~*~*~tactically~*~*~ (hiding).
  6958 | D:7      | 6958 ||| Stepping ~*~*~tactically~*~*~ (hiding).
  7060 | D:7      | 7060 ||| Stepping ~*~*~tactically~*~*~ (hiding).
  7162 | D:7      | 7162 ||| Stepping ~*~*~tactically~*~*~ (hiding).
  7216 | D:7      | 7216 ||| Stepping ~*~*~tactically~*~*~ (outnumbered).
  7217 | D:7      | 7217 ||| Stepping ~*~*~tactically~*~*~ (outnumbered).
  7218 | D:7      | 7218 ||| Stepping ~*~*~tactically~*~*~ (outnumbered).
  7226 | D:7      | 7226 ||| Stepping ~*~*~tactically~*~*~ (outnumbered).
  7252 | D:7      | 7252 ||| INVOKING Fiery Armour.
  7308 | D:7      | 7308 ||| Stepping ~*~*~tactically~*~*~ (stealth).
  7309 | D:7      | Identified the +0 robe of Fortitude {Rampage rPois Regen+
                  | Archmagi}
  7328 | D:7      | 7328 ||| Stepping ~*~*~tactically~*~*~ (hiding).
  7329 | D:7      | 7329 ||| Stepping ~*~*~tactically~*~*~ (hiding).
  7331 | D:7      | 7331 ||| Stepping ~*~*~tactically~*~*~ (stealth).
  7363 | D:7      | 7363 ||| Stepping ~*~*~tactically~*~*~ (stealth).
  7365 | D:7      | 7365 ||| Stepping ~*~*~tactically~*~*~ (hiding).
  7905 | D:7      | Reached skill level 10 in Shields
  7914 | D:7      | 7914 ||| UPGRADING to +0 robe of Fortitude {Rampage rPois
                  | Regen+ Archmagi}.
  7924 | D:7      | 7924 ||| DROPPING +0 robe.
  7925 | D:7      | 7925 ||| READING 2 scrolls labelled REDGHE NIXTANI.
  7926 | D:7      | 7926 ||| READING scroll labelled CUOLUJ OFAAZY.
  7927 | D:7      | 7927 ||| READING scroll labelled UCUENO LELUME.
  7928 | D:7      | 7928 ||| READING 2 scrolls of identify.
  7928 | D:7      | 7928 ||| IDENTIFYING orange potion
  7929 | D:7      | 7929 ||| DROPPING potion of ambrosia.
  7930 | D:7      | 7930 ||| DROPPING scroll of immolation.
  8270 | D:8      | 8270 ||| Stepping ~*~*~tactically~*~*~ (outnumbered).
  8272 | D:8      | 8272 ||| Stepping ~*~*~tactically~*~*~ (outnumbered).
  8273 | D:8      | 8273 ||| Stepping ~*~*~tactically~*~*~ (outnumbered).
  8274 | D:8      | 8274 ||| Stepping ~*~*~tactically~*~*~ (outnumbered).
  8275 | D:8      | 8275 ||| Stepping ~*~*~tactically~*~*~ (outnumbered).
  8276 | D:8      | 8276 ||| Stepping ~*~*~tactically~*~*~ (outnumbered).
  8278 | D:8      | 8278 ||| Stepping ~*~*~tactically~*~*~ (outnumbered).
  8279 | D:8      | 8279 ||| Stepping ~*~*~tactically~*~*~ (outnumbered).
  8280 | D:8      | 8280 ||| Stepping ~*~*~tactically~*~*~ (outnumbered).
  8281 | D:8      | 8281 ||| Stepping ~*~*~tactically~*~*~ (outnumbered).
  8282 | D:8      | 8282 ||| Stepping ~*~*~tactically~*~*~ (outnumbered).
  8283 | D:8      | 8283 ||| Stepping ~*~*~tactically~*~*~ (outnumbered).
  8284 | D:8      | 8284 ||| Stepping ~*~*~tactically~*~*~ (outnumbered).
  8285 | D:8      | 8285 ||| Stepping ~*~*~tactically~*~*~ (outnumbered).
  8286 | D:8      | 8286 ||| Stepping ~*~*~tactically~*~*~ (outnumbered).
  8287 | D:8      | 8287 ||| Stepping ~*~*~tactically~*~*~ (outnumbered).
  8288 | D:8      | 8288 ||| Stepping ~*~*~tactically~*~*~ (outnumbered).
  8290 | D:8      | 8290 ||| Stepping ~*~*~tactically~*~*~ (outnumbered).
  8291 | D:8      | 8291 ||| Stepping ~*~*~tactically~*~*~ (outnumbered).
  8292 | D:8      | 8292 ||| Stepping ~*~*~tactically~*~*~ (outnumbered).
  8293 | D:8      | 8293 ||| Stepping ~*~*~tactically~*~*~ (outnumbered).
  8295 | D:8      | 8295 ||| Stepping ~*~*~tactically~*~*~ (outnumbered).
  8296 | D:8      | 8296 ||| Stepping ~*~*~tactically~*~*~ (outnumbered).
  8297 | D:8      | 8297 ||| Stepping ~*~*~tactically~*~*~ (outnumbered).
  8298 | D:8      | 8298 ||| Stepping ~*~*~tactically~*~*~ (outnumbered).
  8299 | D:8      | 8299 ||| Stepping ~*~*~tactically~*~*~ (outnumbered).
  8300 | D:8      | 8300 ||| Stepping ~*~*~tactically~*~*~ (outnumbered).
  8301 | D:8      | 8301 ||| Stepping ~*~*~tactically~*~*~ (outnumbered).
  8302 | D:8      | 8302 ||| Stepping ~*~*~tactically~*~*~ (outnumbered).
  8304 | D:8      | 8304 ||| Stepping ~*~*~tactically~*~*~ (outnumbered).
  8305 | D:8      | 8305 ||| Stepping ~*~*~tactically~*~*~ (outnumbered).
  8306 | D:8      | 8306 ||| Stepping ~*~*~tactically~*~*~ (outnumbered).
  8307 | D:8      | 8307 ||| Stepping ~*~*~tactically~*~*~ (outnumbered).
  8308 | D:8      | 8308 ||| Stepping ~*~*~tactically~*~*~ (outnumbered).
  8309 | D:8      | 8309 ||| Stepping ~*~*~tactically~*~*~ (outnumbered).
  8484 | D:8      | 8484 ||| Stepping ~*~*~tactically~*~*~ (stealth).
  8486 | D:8      | 8486 ||| Stepping ~*~*~tactically~*~*~ (stealth).
  8491 | D:8      | 8491 ||| Stepping ~*~*~tactically~*~*~ (outnumbered).
  8492 | D:8      | 8492 ||| Stepping ~*~*~tactically~*~*~ (outnumbered).
  8493 | D:8      | 8493 ||| Stepping ~*~*~tactically~*~*~ (outnumbered).
  8494 | D:8      | 8494 ||| Stepping ~*~*~tactically~*~*~ (outnumbered).
  8495 | D:8      | 8495 ||| Stepping ~*~*~tactically~*~*~ (outnumbered).
  8496 | D:8      | 8496 ||| Stepping ~*~*~tactically~*~*~ (outnumbered).
  8497 | D:8      | 8497 ||| Stepping ~*~*~tactically~*~*~ (outnumbered).
  8498 | D:8      | 8498 ||| Stepping ~*~*~tactically~*~*~ (outnumbered).
  8499 | D:8      | 8499 ||| Stepping ~*~*~tactically~*~*~ (outnumbered).
  8500 | D:8      | 8500 ||| Stepping ~*~*~tactically~*~*~ (outnumbered).
  8501 | D:8      | 8501 ||| Stepping ~*~*~tactically~*~*~ (outnumbered).
  8502 | D:8      | 8502 ||| Stepping ~*~*~tactically~*~*~ (outnumbered).
  8503 | D:8      | 8503 ||| Stepping ~*~*~tactically~*~*~ (outnumbered).
  8505 | D:8      | 8505 ||| Stepping ~*~*~tactically~*~*~ (outnumbered).
  8506 | D:8      | 8506 ||| Stepping ~*~*~tactically~*~*~ (outnumbered).
  8507 | D:8      | 8507 ||| Stepping ~*~*~tactically~*~*~ (outnumbered).
  8508 | D:8      | 8508 ||| Stepping ~*~*~tactically~*~*~ (outnumbered).
  8509 | D:8      | 8509 ||| Stepping ~*~*~tactically~*~*~ (outnumbered).
  8511 | D:8      | Reached skill level 3 in Fighting
  8877 | D:8      | 8877 ||| UPGRADING to +4 ring of protection.
  9004 | D:9      | Found an iron altar of Okawaru.
  9052 | D:9      | Found a staircase to the Lair.
  9053 | D:9      | 9053 ||| INVOKING Fiery Armour.
  9057 | D:9      | 9057 ||| Stepping ~*~*~tactically~*~*~ (outnumbered).
  9058 | D:9      | Reached skill level 9 in Unarmed Combat
  9062 | D:9      | HP: 11/81 [hornet (11)]
  9063 | D:9      | 9063 ||| READING scroll of teleportation.
  9063 | D:9      | HP: 3/81 [orc warrior/+0 flail (7)]
  9064 | D:9      | 9064 ||| DRINKING 4 potions of heal wounds.
  9065 | D:9      | 9065 ||| Stepping ~*~*~tactically~*~*~ (outnumbered).
  9067 | D:9      | HP: 1/81 [wyvern (13)]
  9068 | D:9      | 9068 ||| DRINKING 3 potions of heal wounds.
  9070 | D:9      | Reached XP level 10. HP: 29/91 MP: 10/10
  9076 | D:9      | 9076 ||| FLEEEEING.
  9077 | D:9      | 9077 ||| FLEEEEING.
  9088 | D:9      | 9088 ||| FLEEEEING.
  9089 | D:9      | 9089 ||| FLEEEEING.
  9093 | D:9      | 9093 ||| FLEEEEING.
  9094 | D:9      | 9094 ||| FLEEEEING.
  9095 | D:9      | 9095 ||| FLEEEEING.
  9096 | D:9      | 9096 ||| FLEEEEING.
  9097 | D:9      | 9097 ||| FLEEEEING.
  9098 | D:9      | 9098 ||| FLEEEEING.
  9099 | D:9      | 9099 ||| FLEEEEING.
  9100 | D:9      | 9100 ||| FLEEEEING.
  9101 | D:9      | 9101 ||| FLEEEEING.
  9102 | D:9      | 9102 ||| FLEEEEING.
  9103 | D:9      | 9103 ||| FLEEEEING.
  9104 | D:9      | 9104 ||| STAIRDANCE
  9113 | D:9      | 9113 ||| STAIRDANCE
  9170 | D:9      | 9170 ||| Stepping ~*~*~tactically~*~*~ (stealth).
  9171 | D:9      | 9171 ||| Stepping ~*~*~tactically~*~*~ (stealth).
  9206 | D:9      | 9206 ||| Stepping ~*~*~tactically~*~*~ (outnumbered).
  9207 | D:9      | 9207 ||| Stepping ~*~*~tactically~*~*~ (outnumbered).
  9208 | D:9      | 9208 ||| Stepping ~*~*~tactically~*~*~ (outnumbered).
  9209 | D:9      | 9209 ||| Stepping ~*~*~tactically~*~*~ (outnumbered).
  9212 | D:9      | 9212 ||| Stepping ~*~*~tactically~*~*~ (outnumbered).
  9213 | D:9      | 9213 ||| Stepping ~*~*~tactically~*~*~ (stealth).
  9214 | D:9      | 9214 ||| Stepping ~*~*~tactically~*~*~ (outnumbered).
  9215 | D:9      | 9215 ||| Stepping ~*~*~tactically~*~*~ (outnumbered).
  9216 | D:9      | 9216 ||| Stepping ~*~*~tactically~*~*~ (outnumbered).
  9217 | D:9      | 9217 ||| Stepping ~*~*~tactically~*~*~ (outnumbered).
  9219 | D:9      | 9219 ||| Stepping ~*~*~tactically~*~*~ (outnumbered).
  9220 | D:9      | 9220 ||| Stepping ~*~*~tactically~*~*~ (outnumbered).
  9221 | D:9      | 9221 ||| Stepping ~*~*~tactically~*~*~ (outnumbered).
  9222 | D:9      | 9222 ||| Stepping ~*~*~tactically~*~*~ (outnumbered).
  9223 | D:9      | 9223 ||| Stepping ~*~*~tactically~*~*~ (outnumbered).
  9224 | D:9      | 9224 ||| Stepping ~*~*~tactically~*~*~ (outnumbered).
  9225 | D:9      | 9225 ||| Stepping ~*~*~tactically~*~*~ (outnumbered).
  9274 | D:9      | 9274 ||| Stepping ~*~*~tactically~*~*~ (stealth).
  9333 | D:9      | Paralysed by a hornet for 1 turns
  9378 | D:9      | 9378 ||| Stepping ~*~*~tactically~*~*~ (stealth).
  9386 | D:9      | Identified the +9 longbow of Valiance {freeze, rElec Str+3
                  | SInv}
  9399 | D:9      | 9399 ||| INVOKING Fiery Armour.
  9402 | D:9      | HP: 22/91 [poisoned by a killer bee]
  9403 | D:9      | 9403 ||| DRINKING 2 potions of heal wounds.
  9405 | D:9      | Reached skill level 11 in Shields
  9541 | D:9      | 9541 ||| Stepping ~*~*~tactically~*~*~ (outnumbered).
  9542 | D:9      | 9542 ||| Stepping ~*~*~tactically~*~*~ (outnumbered).
  9543 | D:9      | 9543 ||| Stepping ~*~*~tactically~*~*~ (outnumbered).
  9544 | D:9      | 9544 ||| Stepping ~*~*~tactically~*~*~ (outnumbered).
  9545 | D:9      | 9545 ||| Stepping ~*~*~tactically~*~*~ (outnumbered).
  9546 | D:9      | 9546 ||| Stepping ~*~*~tactically~*~*~ (outnumbered).
  9547 | D:9      | 9547 ||| Stepping ~*~*~tactically~*~*~ (outnumbered).
  9548 | D:9      | 9548 ||| Stepping ~*~*~tactically~*~*~ (outnumbered).
  9550 | D:9      | 9550 ||| Stepping ~*~*~tactically~*~*~ (outnumbered).
  9551 | D:9      | 9551 ||| Stepping ~*~*~tactically~*~*~ (outnumbered).
  9552 | D:9      | 9552 ||| Stepping ~*~*~tactically~*~*~ (outnumbered).
  9553 | D:9      | 9553 ||| Stepping ~*~*~tactically~*~*~ (outnumbered).
  9554 | D:9      | 9554 ||| Stepping ~*~*~tactically~*~*~ (outnumbered).
  9560 | D:9      | Reached skill level 1 in Dodging
  9561 | D:9      | 9561 ||| FLEEEEING.
  9562 | D:9      | 9562 ||| FLEEEEING.
  9563 | D:9      | 9563 ||| FLEEEEING.
  9564 | D:9      | 9564 ||| FLEEEEING.
  9617 | D:9      | 9617 ||| INVOKING Fiery Armour.
  9622 | D:9      | HP: 20/91 [killer bee (3)]
  9623 | D:9      | 9623 ||| DRINKING potion of heal wounds.
  9742 | D:9      | 9742 ||| Stepping ~*~*~tactically~*~*~ (hiding).
  9747 | D:9      | 9747 ||| Stepping ~*~*~tactically~*~*~ (outnumbered).
  9932 | D:9      | 9932 ||| Stepping ~*~*~tactically~*~*~ (hiding).
  9941 | D:9      | 9941 ||| Stepping ~*~*~tactically~*~*~ (outnumbered).
 10035 | D:9      | 10035 ||| PLANNING LAIR
 10035 | D:9      | 10035 ||| READING 2 scrolls labelled NATE XUNIANID.
 10036 | D:9      | 10036 ||| READING 2 scrolls of identify.
 10036 | D:9      | 10036 ||| IDENTIFYING glowing purple potion
 10037 | D:9      | 10037 ||| DROPPING potion of degeneration.
 10038 | D:9      | 10038 ||| DROPPING scroll of vulnerability.
 10060 | Lair:1   | Entered Level 1 of the Lair of Beasts
 10167 | Lair:1   | Identified the +7 falchion "Eklad" {vorpal, Dex+2}
 10450 | Lair:1   | 10450 ||| Stepping ~*~*~tactically~*~*~ (stealth).
 10454 | Lair:1   | 10454 ||| Stepping ~*~*~tactically~*~*~ (hiding).
 10461 | Lair:1   | Noticed a catoblepas
 10462 | Lair:1   | 10462 ||| INVOKING Fiery Armour.
 10463 | Lair:1   | 10463 ||| DRINKING 2 potions of cancellation.
 10464 | Lair:1   | 10464 ||| DRINKING potion of cancellation.
 10465 | Lair:1   | 10465 ||| Stepping ~*~*~tactically~*~*~ (cloud).
 10492 | Lair:1   | Killed a catoblepas
 10553 | Lair:1   | Noticed a cane toad
 10560 | Lair:1   | Killed a cane toad
 10572 | Lair:1   | Found a shimmering altar of Xom.
 10661 | Lair:1   | Noticed a cane toad
 10664 | Lair:1   | 10664 ||| Stepping ~*~*~tactically~*~*~ (stealth).
 10673 | Lair:1   | Killed a cane toad
 10679 | Lair:1   | Reached XP level 11. HP: 64/100 MP: 11/11
 10689 | Lair:1   | 10689 ||| INVOKING Fiery Armour.
 10891 | Lair:1   | 10891 ||| UPGRADING to +6 ring of strength.
 10893 | Lair:1   | 10893 ||| DROPPING ring of resist corrosion.
 11112 | Lair:2   | Reached skill level 12 in Shields
 11227 | Lair:2   | 11227 ||| Stepping ~*~*~tactically~*~*~ (stealth).
 11229 | Lair:2   | 11229 ||| INVOKING Fiery Armour.
 11287 | Lair:2   | Noticed a boulder beetle
 11300 | Lair:2   | 11300 ||| Stepping ~*~*~tactically~*~*~ (outnumbered).
 11324 | Lair:2   | 11324 ||| INVOKING Fiery Armour.
 11333 | Lair:2   | HP: 23/100 [boulder beetle (22)]
 11334 | Lair:2   | 11334 ||| READING 2 scrolls of teleportation.
 11335 | Lair:2   | 11335 ||| DRINKING potion of heal wounds.
 11454 | Lair:2   | Found a hole to the Spider Nest.
 11455 | Lair:2   | 11455 ||| PLANNING CONVERSION TO OKAWARU
 11531 | D:9      | Fell from the grace of Ignis
 11531 | D:9      | Became a worshipper of Warmaster Okawaru
 11532 | D:9      | 11532 ||| PLANNING LAIR
 11835 | Lair:2   | Killed a boulder beetle
 12036 | Lair:3   | 12036 ||| STAIRDANCE
 12048 | Lair:3   | 12048 ||| STAIRDANCE
 12050 | Lair:2   | 12050 ||| Stepping ~*~*~tactically~*~*~ (outnumbered).
 12051 | Lair:2   | 12051 ||| Stepping ~*~*~tactically~*~*~ (outnumbered).
 12052 | Lair:2   | 12052 ||| Stepping ~*~*~tactically~*~*~ (outnumbered).
 12053 | Lair:2   | 12053 ||| Stepping ~*~*~tactically~*~*~ (outnumbered).
 12054 | Lair:2   | 12054 ||| Stepping ~*~*~tactically~*~*~ (outnumbered).
 12055 | Lair:2   | 12055 ||| Stepping ~*~*~tactically~*~*~ (outnumbered).
 12056 | Lair:2   | 12056 ||| Stepping ~*~*~tactically~*~*~ (outnumbered).
 12057 | Lair:2   | 12057 ||| Stepping ~*~*~tactically~*~*~ (outnumbered).
 12058 | Lair:2   | 12058 ||| Stepping ~*~*~tactically~*~*~ (outnumbered).
 12059 | Lair:2   | 12059 ||| Stepping ~*~*~tactically~*~*~ (outnumbered).
 12060 | Lair:2   | 12060 ||| Stepping ~*~*~tactically~*~*~ (outnumbered).
 12061 | Lair:2   | 12061 ||| Stepping ~*~*~tactically~*~*~ (outnumbered).
 12062 | Lair:2   | 12062 ||| Stepping ~*~*~tactically~*~*~ (outnumbered).
 12063 | Lair:2   | 12063 ||| Stepping ~*~*~tactically~*~*~ (outnumbered).
 12074 | Lair:2   | Reached * piety under Okawaru
 12075 | Lair:2   | 12075 ||| INVOKING Heroism.
 12150 | Lair:3   | Reached skill level 1 in Invocations
 12213 | Lair:3   | 12213 ||| Stepping ~*~*~tactically~*~*~ (outnumbered).
 12214 | Lair:3   | 12214 ||| Stepping ~*~*~tactically~*~*~ (outnumbered).
 12215 | Lair:3   | 12215 ||| Stepping ~*~*~tactically~*~*~ (outnumbered).
 12216 | Lair:3   | 12216 ||| Stepping ~*~*~tactically~*~*~ (outnumbered).
 12217 | Lair:3   | 12217 ||| Stepping ~*~*~tactically~*~*~ (outnumbered).
 12218 | Lair:3   | 12218 ||| Stepping ~*~*~tactically~*~*~ (outnumbered).
 12220 | Lair:3   | 12220 ||| Stepping ~*~*~tactically~*~*~ (outnumbered).
 12300 | Lair:3   | You fall into a shaft and drop 2 floors!
 12300 | Lair:5   | Entered Level 5 of the Lair of Beasts
 12301 | Lair:5   | 12301 ||| INVOKING Heroism.
 12335 | Lair:5   | 12335 ||| INVOKING Heroism.
 12361 | Lair:5   | 12361 ||| INVOKING Heroism.
 12368 | Lair:5   | 12368 ||| Stepping ~*~*~tactically~*~*~ (stealth).
 12380 | Lair:5   | Reached ** piety under Okawaru
 12386 | Lair:5   | Noticed a death yak
 12387 | Lair:5   | 12387 ||| INVOKING Heroism.
 12389 | Lair:5   | Noticed a death yak
 12396 | Lair:5   | 12396 ||| Stepping ~*~*~tactically~*~*~ (outnumbered).
 12397 | Lair:5   | 12397 ||| INVOKING Heroism.
 12398 | Lair:5   | 12398 ||| Stepping ~*~*~tactically~*~*~ (outnumbered).
 12402 | Lair:5   | Killed a death yak
 12403 | Lair:5   | Reached skill level 3 in Invocations
 12406 | Lair:5   | Killed a death yak
 12407 | Lair:5   | Reached skill level 12 in Unarmed Combat
 12424 | Lair:4   | 12424 ||| INVOKING Heroism.
 12429 | Lair:4   | 12429 ||| Stepping ~*~*~tactically~*~*~ (outnumbered).
 12429 | Lair:4   | Noticed a boulder beetle
 12430 | Lair:4   | 12430 ||| Stepping ~*~*~tactically~*~*~ (outnumbered).
 12431 | Lair:4   | 12431 ||| Stepping ~*~*~tactically~*~*~ (outnumbered).
 12432 | Lair:4   | 12432 ||| Stepping ~*~*~tactically~*~*~ (outnumbered).
 12434 | Lair:4   | 12434 ||| Stepping ~*~*~tactically~*~*~ (outnumbered).
 12437 | Lair:4   | 12437 ||| Stepping ~*~*~tactically~*~*~ (outnumbered).
 12439 | Lair:4   | 12439 ||| Stepping ~*~*~tactically~*~*~ (outnumbered).
 12440 | Lair:4   | 12440 ||| Stepping ~*~*~tactically~*~*~ (outnumbered).
 12442 | Lair:4   | 12442 ||| INVOKING Heroism.
 12448 | Lair:4   | Killed a boulder beetle
 12448 | Lair:4   | Reached *** piety under Okawaru
 12451 | Lair:4   | Reached skill level 13 in Shields
 12527 | Lair:4   | You fall into a shaft and drop 1 floor!
 12534 | Lair:5   | Reached XP level 12. HP: 107/107 MP: 14/14
 12563 | Lair:4   | 12563 ||| INVOKING Heroism.
 12566 | Lair:4   | HP: 16/107 [oklob plant/splash of acid (24)]
 12566 | Lair:4   | Killed from afar by an oklob plant

Levels and vault maps discovered:
D:1:      dpeg_arrival_stonehenge_8_columns, layout_basic
D:2:      layout_loops_ring, shapermc_ecumenical_altar_pompeii, uniq_jessica,
          uniq_robin
D:3:      layout_loops_corners, ebering_ghost_rock_garden,
          uniq_crazy_yiuf_cottage, uniq_ijyb
D:4:      layout_rooms, marbit_many_paths, nicolae_overflow_hidden_temple,
          lemuel_old_faithful
D:5:      layout_basic, minmay_temple_entry_mist
D:6:      layout_basic, mainiacjoe_overflow_large_starburst, serial_shops, shop,
          uniq_grinder
D:7:      layout_gridville
D:8:      layout_gridville
D:9:      layout_grid_maze, okawaru_gym_becter, erik_lair_orcish_takeover,
          kennysheep_cluttered_room, nicolae_concentric_dashed_squares_wild,
          minivault_22
Lair:1:   layout_loops_ring, basic_altar
Lair:2:   layout_cave_pods, hellmonk_spider_entry_life_and_decay,
          grunt_megastairs_4
Lair:3:   layout_chaotic_city, skrybe_swamp_entry_bodies
Lair:4:   layout_cave_pods, minmay_slime_entry_eyes, dpeg_oklob_1,
          serial_bayou_shore_a
Lair:5:   hellmonk_lair_end_abyssal_woods, layout_cave_pods,
          gammafunk_ghost_abyssal_escape, nicolae_quartered_pool_impasse,
          kennysheep_basilisk_garden, uniq_sonja

Skill      XL: |  1  2  3  4  5  6  7  8  9 10 11 |
---------------+----------------------------------+-----
Unarmed Combat | 4 5 6 7 9 10 12 | 12.0
Shields        | 2 5 8 10 11 13 | 13.0
Fighting       | 3 4 |  4.2
Throwing       | 2 |  2.0
Dodging        | 1 |  1.5
Invocations    | 4 |  4.0
Spellcasting   | |  1.0
Fire Magic     | |  2.1

Action                   |  1- 3 |  4- 6 |  7- 9 | 10-12 || total
-------------------------+-------+-------+-------+-------++-------
Melee: Unarmed           |    84 |   165 |   255 |   351 ||   855
       Punch             |       |     5 |       |       ||     5
Throw: Boomerang         |       |       |    25 |    47 ||    72
Invok: Fiery Armour      |     1 |     2 |     4 |     6 ||    13
       Heroism           |       |       |       |     9 ||     9
  Use: Scroll            |     3 |    10 |    10 |     3 ||    26
       Potion            |       |     1 |     3 |     5 ||     9
 Stab: Sleeping          |       |       |     1 |       ||     1
Armor: Robe              |    27 |    57 |    88 |    96 ||   268
Dodge: Dodged            |    25 |    60 |    50 |    75 ||   210
Block: Tower shield      |       |     7 |   180 |   277 ||   464

Table legend:
 A = Non-vault XP
 B = Vault XP
 C = Vault XP percentage of total XP
 D = Non-vault monster count
 E = Vault monster count
 F = Vault count percentage of total count
                 A         B        C        D         E       F
            +---------+---------+-------+---------+---------+-------
      Total |   19773 |    2107 |   9.6 |     234 |      22 |   8.6
            +---------+---------+-------+---------+---------+-------
        D:1 |      52 |       0 |   0.0 |      32 |       0 |   0.0
        D:2 |      93 |      62 |  40.0 |      17 |       8 |  32.0
        D:3 |     121 |      38 |  23.9 |      19 |       1 |   5.0
        D:4 |     314 |       2 |   0.6 |      21 |       1 |   4.5
        D:5 |     542 |       0 |   0.0 |       8 |       0 |   0.0
        D:6 |    1337 |     290 |  17.8 |      25 |       1 |   3.8
        D:7 |    1337 |       0 |   0.0 |      24 |       0 |   0.0
        D:8 |     362 |     129 |  26.3 |       8 |       1 |  11.1
        D:9 |    2831 |     484 |  14.6 |      35 |       8 |  18.6
     Lair:1 |    3252 |       0 |   0.0 |      11 |       0 |   0.0
     Lair:2 |    3258 |    1102 |  25.3 |      15 |       2 |  11.8
     Lair:3 |    1315 |       0 |   0.0 |       7 |       0 |   0.0
     Lair:4 |    1731 |       0 |   0.0 |       4 |       0 |   0.0
     Lair:5 |    3228 |       0 |   0.0 |       8 |       0 |   0.0
            +---------+---------+-------+---------+---------+-------
